Map: Oxide LE

Players

Hellraiser

  • Race: Protoss Protoss

SKillous - Winner!

  • Race: Protoss Protoss

Event: DreamHack SC2 Masters 2021 Fall

VOD

Have the link to the VOD?

Description

Time

  • Played on: Aug. 11, 2021, 11:21 a.m.
  • Length: 10:53

All games in this series

Show
View Real Time Build Order
Export as new Build Order

Hellraiser Protoss 

Build Orders: Oracle Opening, Phoenix Opening 

Get SALT Encoding   

  12  0:00  Probe  
  13  0:12  Probe  
  14  0:19  Pylon  
  14  0:24  Probe (Chrono Boost)  
  15  0:37  Gateway  
  15  0:38  Probe (Chrono Boost)  
  16  0:45  Probe (Chrono Boost)  
  16  0:46  Assimilator  
  17  0:52  Probe (Chrono Boost)  
  18  0:59  Assimilator  
  18  1:04  Probe (Chrono Boost)  
  18  1:08  Pylon  
  19  1:13  Probe (Chrono Boost)  
  20  1:18  Probe  
  20  1:24  Cybernetics Core  
  21  1:30  Probe  
  22  1:33  Zealot  
  24  1:42  Probe  
  25  1:58  Probe  
  25  2:00  Adept (Chrono Boost)  
  28  2:03  Stargate  
  28  2:11  Probe  
  31  2:30  Nexus  
  31  2:36  Pylon  
  29  2:39  Probe  
  30  2:54  Adept  
  30  2:57  Oracle (Chrono Boost)  
  35  3:01  Probe  
  30  3:21  Warp Gate  
  30  3:24  Probe  
  31  3:29  Phoenix (Chrono Boost)  
  33  3:36  Probe  
  33  3:39  Gateway  
  34  3:48  Probe  
  34  3:57  Probe  
  34  4:01  Probe  
  35  4:06  Shield Battery  
  36  4:11  Probe (Chrono Boost)  
  36  4:13  Probe (Chrono Boost)  
  36  4:16  Phoenix  
  37  4:25  Probe (Chrono Boost)  
  37  4:26  Shield Battery, Probe (Chrono Boost)  
  37  4:29  Probe (Chrono Boost)  
  38  4:33  Probe  
  39  4:40  Probe  
  39  4:45  Probe (Chrono Boost)  
  40  4:56  Twilight Council  
  40  4:57  Probe (Chrono Boost)  
  40  4:58  Probe (Chrono Boost)  
  41  5:03  Probe (Chrono Boost)  
  41  5:05  Probe (Chrono Boost)  
  42  5:10  Stalker x2  
  42  5:12  Probe  
  47  5:15  Gateway  
  47  5:16  Probe (Chrono Boost)  
  47  5:21  Forge  
  48  5:24  Probe (Chrono Boost)  
  48  5:32  Blink (Chrono Boost)  
  48  5:34  Probe (Chrono Boost)  
  48  5:35  Probe (Chrono Boost)  
  47  5:38  Shield Battery  
  47  5:40  Probe (Chrono Boost)  
  47  5:41  Probe (Chrono Boost)  
  47  5:42  Assimilator  
  49  5:45  Stalker x2  
  49  5:47  Pylon  
  53  5:50  Protoss Ground Weapons Level 1 (Chrono Boost), Probe (Chrono Boost)  
  53  5:53  Assimilator  
  50  6:05  Probe (Chrono Boost)  
  50  6:06  Probe (Chrono Boost)  
  50  6:10  Stalker x2  
  54  6:12  Probe (Chrono Boost)  
  54  6:13  Probe (Chrono Boost)  
  54  6:16  Stalker  
  58  6:20  Probe  
  58  6:24  Probe  
  60  6:29  Pylon, Photon Cannon  
  60  6:33  Probe  
  60  6:36  Probe  
  60  6:39  Pylon  
  62  6:44  Pylon  
  62  6:47  Stalker x2  
  62  6:51  Stalker  
  68  6:56  Probe x2  
  70  7:09  Probe  
  70  7:13  Probe  
  72  7:16  Stalker x3  
  76  7:33  Probe  
  76  7:36  Robotics Facility  
  77  7:39  Stalker x3  
  83  7:45  Nexus  
  83  7:47  Pylon  
  83  7:48  Probe  
  83  7:49  Protoss Ground Weapons Level 2 (Chrono Boost)  
  83  7:50  Probe  
  85  8:04  Probe  
  87  8:05  Probe  
  87  8:07  Shield Battery  
  87  8:09  Shield Battery  
  87  8:11  Photon Cannon  
  85  8:14  Sentry  
  85  8:16  Stalker  
  85  8:19  Probe  
  90  8:20  Probe  
  90  8:23  Observer (Chrono Boost)  
  90  8:26  Resonating Glaives  
  92  8:29  Pylon  
  92  8:31  Probe  
  92  8:33  Probe  
  94  8:45  Pylon  
  94  8:46  Pylon  
  94  8:49  Pylon x2  
  94  8:55  Pylon  
  94  8:57  Stalker x3  
  100  9:05  Gateway  
  100  9:08  Gateway  
  100  9:11  Observer  
  100  9:13  Probe  
  100  9:14  Shield Battery  
  100  9:15  Shield Battery  
  103  9:21  Stalker x2  
  103  9:24  Stalker  
  108  9:29  Assimilator  
  108  9:34  Templar Archives  
  108  9:36  Assimilator  
  108  9:37  Pylon  
  108  9:40  Photon Cannon  
  108  9:46  Shield Battery, Stalker x2  
  108  9:48  Stalker  
  114  9:58  Shield Battery  
  114  10:00  Shield Battery  
  114  10:07  Observer  
  114  10:08  Stalker x2  
  110  10:17  Zealot  
  110  10:18  Stalker x2  
  112  10:24  Probe  
  99  10:39  Stalker x3  
  85  10:46  Stalker  
  85  10:47  Stalker  
Show
View Real Time Build Order
Export as new Build Order

SKillous Protoss - Winner!

Build Orders: Phoenix Opening 

Get SALT Encoding   

  12  0:00  Probe  
  13  0:12  Probe  
  14  0:19  Pylon  
  14  0:24  Probe  
  15  0:37  Probe (Chrono Boost)  
  15  0:38  Gateway  
  16  0:46  Assimilator, Probe (Chrono Boost)  
  17  0:51  Probe  
  17  0:55  Assimilator  
  18  1:03  Probe (Chrono Boost)  
  19  1:05  Pylon  
  19  1:13  Probe (Chrono Boost)  
  19  1:18  Probe  
  21  1:27  Cybernetics Core, Zealot  
  21  1:31  Probe  
  24  1:43  Probe  
  25  1:59  Probe  
  26  2:03  Adept (Chrono Boost)  
  26  2:04  Stargate  
  28  2:23  Nexus  
  28  2:29  Adept  
  30  2:34  Pylon  
  30  2:37  Probe  
  31  2:52  Phoenix, Probe  
  34  3:05  Probe  
  32  3:17  Phoenix (Chrono Boost), Probe  
  33  3:30  Probe (Chrono Boost)  
  33  3:36  Probe (Chrono Boost)  
  33  3:37  Warp Gate  
  33  3:39  Phoenix (Chrono Boost)  
  37  3:47  Probe x2 (Chrono Boost)  
  38  3:51  Twilight Council  
  38  3:52  Probe (Chrono Boost)  
  38  3:53  Probe (Chrono Boost)  
  40  3:58  Phoenix (Chrono Boost)  
  42  4:03  Probe  
  42  4:06  Probe  
  44  4:15  Probe  
  45  4:19  Probe  
  45  4:20  Phoenix (Chrono Boost)  
  48  4:27  Probe  
  48  4:28  Gateway  
  49  4:32  Probe  
  49  4:33  Gateway  
  49  4:35  Blink (Chrono Boost)  
  50  4:45  Probe (Chrono Boost)  
  51  4:46  Probe (Chrono Boost)  
  52  4:53  Gateway  
  52  4:56  Pylon, Probe (Chrono Boost)  
  52  4:57  Probe (Chrono Boost)  
  54  5:13  Robotics Facility  
  54  5:14  Probe x2  
  54  5:15  Assimilator  
  54  5:17  Pylon  
  56  5:26  Probe  
  56  5:27  Probe  
  56  5:28  Stalker x2  
  62  5:39  Forge  
  62  5:43  Nexus  
  62  5:44  Pylon  
  62  5:47  Probe x2  
  64  5:50  Stalker  
  66  6:01  Probe  
  66  6:02  Observer  
  68  6:04  Protoss Ground Weapons Level 1 (Chrono Boost)  
  68  6:10  Stalker  
  68  6:11  Stalker x2  
  74  6:12  Probe  
  74  6:14  Probe  
  76  6:19  Pylon, Shield Battery  
  76  6:23  Photon Cannon  
  76  6:24  Probe  
  77  6:25  Observer  
  77  6:26  Observer  
  77  6:29  Shield Battery  
  78  6:37  Stalker x2  
  82  6:40  Pylon  
  82  6:41  Probe x2  
  82  6:45  Stalker  
  86  6:55  Gateway, Probe  
  86  6:57  Gateway  
  86  6:59  Probe  
  88  7:03  Probe  
  88  7:07  Probe  
  90  7:22  Gateway  
  88  7:23  Gateway  
  88  7:24  Immortal (Chrono Boost)  
  88  7:25  Gateway  
  88  7:26  Gateway  
  92  7:35  Assimilator, Sentry, Stalker  
  92  7:36  Stalker  
  98  7:38  Pylon  
  98  7:43  Charge  
  98  7:44  Gateway  
  98  7:51  Shield Battery  
  98  7:53  Stalker x3  
  104  8:02  Pylon  
  104  8:04  Immortal (Chrono Boost)  
  108  8:09  Assimilator  
  108  8:11  Assimilator  
  106  8:22  Probe x3  
  106  8:26  Protoss Ground Weapons Level 2 (Chrono Boost)  
  109  8:27  Templar Archives  
  109  8:34  Probe x3  
  111  8:35  Pylon  
  112  8:43  Observer  
  112  8:46  Probe  
  113  8:58  Probe  
  113  8:59  Gateway, Warp Prism (Chrono Boost)  
  113  9:00  Pylon  
  113  9:01  Templar Archives  
  114  9:08  High Templar x2  
  114  9:09  Zealot x6  
  132  9:15  Nexus  
  132  9:16  Pylon  
  132  9:17  Archon  
  132  9:18  Photon Cannon  
  132  9:27  Pylon  
  132  9:28  Photon Cannon  
  132  9:33  High Templar x2  
  132  9:34  Zealot x3  
  132  9:38  Zealot x3  
  148  9:39  Archon  
  148  9:40  Pylon  
  148  9:50  Zealot x3  
  148  10:11  Zealot x8  
  154  10:14  Zealot x2  
  148  10:26  Zealot x2  
  142  10:33  Zealot x5  
  138  10:40  Zealot x3  
  126  10:50  Zealot x4  

Tags
 
Add a new tag
Caveats
  • Supply blocks, unpowered buildings, or Contaminate may cause inaccurate times.
  • Supply counts are checked every 10 seconds.